[Event "Team 45 45 League T99"]
[Site "Internet Chess Club"]
[Date "2024.03.25"]
[Round "6"]
[White "fileman"]
[Black "fishhead"]
[Result "0-1"]
[WhiteElo "1763"]
[BlackElo "1937"]
[Opening "Sicilian"]
[ECO "B50"]
[Time "16:06:53"]
[PlyCount "74"]
[TimeControl "2700+45"]

1. e4 c5 2. Nf3 d6 3. Na3 a6 4. c3 Nf6 5. e5 dxe5 6. Nxe5 Nbd7 7. Nxd7 Bxd7 8.
d4 e6 9. Nc2 Qc7 10. Be2 Rd8 11. Be3 cxd4 12. cxd4 Bd6 13. h3 O-O 14. O-O Bc6
15. Rc1 Nd5 16. Bf3 Qb6 17. b3 Rc8 18. Bxd5 Bxd5 19. f3 Qa5 20. Ra1 Rfd8 21. Qe2
h6 22. Rfc1 Bc6 23. Qd2 Qh5 24. Qf2 Qg6 25. Ne1 Bg3 26. Qd2 e5 27. Rd1 Bxe1 28.
Rxe1 exd4 29. Bf4 Bxf3 30. Rac1 Bc6 31. Kh2 Rd5 32. Re7 Rcd8 33. Rce1 Rc5 34.
R1e2 d3 35. Rf2 Rc2 36. Qe3 Rxf2 37. Qxf2 d2 {White resigns} 0-1

[Event "Team 45 45 League T99"]
[Site "Internet Chess Club"]
[Date "2024.03.22"]
[Round "6"]
[White "QuieroAprender"]
[Black "Redman1"]
[Result "1/2-1/2"]
[WhiteElo "1688"]
[BlackElo "1538"]
[Opening "Queen's pawn game"]
[ECO "D05"]
[Time "15:30:24"]
[PlyCount "55"]
[TimeControl "2700+45"]

1. d4 d5 2. Nf3 Nf6 3. e3 e6 4. Bd3 Bd6 5. b3 O-O 6. Bb2 b6 7. Nbd2 Bb7 8. O-O
Nbd7 9. Ne5 c5 10. f4 Ne4 11. Rf3 f5 12. Rh3 Ndf6 13. dxc5 Bxc5 14. g4 d4 15.
Nf1 dxe3 16. Nxe3 Nd5 17. Bxe4 fxe4 18. Nc4 Rxf4 19. Bd4 Nxe3 20. Bxe3 Bxe3+ 21.
Nxe3 Qe7 22. Rg3 Rd8 23. Qe1 Qc5 24. Rd1 Rdf8 25. Qd2 Rf3 26. Qd4 Qxd4 27. Rxd4
Rxg3+ 28. hxg3 {Game drawn by mutual agreement} 1/2-1/2

[Event "Team 45 45 League T99"]
[Site "Internet Chess Club"]
[Date "2024.03.23"]
[Round "6"]
[White "MrAbendroth"]
[Black "fireball"]
[Result "1/2-1/2"]
[WhiteElo "1684"]
[BlackElo "1496"]
[Opening "French: Burn variation"]
[ECO "C11"]
[Time "11:01:10"]
[PlyCount "122"]
[TimeControl "2700+45"]

1. e4 e6 2. d4 d5 3. Nc3 Nf6 4. Bg5 dxe4 5. Nxe4 Be7 6. Nxf6+ Bxf6 7. Bxf6 Qxf6
8. Nf3 O-O 9. Bd3 Nc6 10. O-O b6 11. c3 Bb7 12. Qe2 Ne7 13. Ne5 Rfd8 14. Rfe1
Ng6 15. Nxg6 hxg6 16. Be4 Bd5 17. Rad1 Rd7 18. Rd3 Rad8 19. Bxd5 Rxd5 20. Red1
a5 21. a4 c6 22. f3 R8d7 23. g3 Qd8 24. Kf2 e5 25. Qd2 exd4 26. Rxd4 Rxd4 27.
cxd4 c5 28. d5 Rd6 29. Qd3 Kf8 30. Rd2 Qd7 31. b3 Qf5 32. Qxf5 gxf5 33. Ke3 Ke7
34. Kf4 Kf6 35. h4 g6 36. g4 fxg4 37. fxg4 Rd8 38. g5+ Ke7 39. Ke5 Rh8 40. d6+
Kd7 41. Rh2 Re8+ 42. Kf6 Re6+ 43. Kxf7 Rxd6 44. Rh3 Kc6 45. h5 gxh5 46. g6 Rd7+
47. Kg8 Rd8+ 48. Kh7 b5 49. axb5+ Kxb5 50. Rxh5 Kb4 51. g7 Rd7 52. Kh8 Rd8+ 53.
Kh7 Rd7 54. Rf5 Rxg7+ 55. Kxg7 Kxb3 56. Rxc5 a4 57. Rb5+ Kc4 58. Rb8 a3 59. Kf6
a2 60. Ra8 Kb3 61. Ke5 Kb2 {Game drawn by mutual agreement} 1/2-1/2

[Event "Team 45 45 League T99"]
[Site "Internet Chess Club"]
[Date "2024.03.24"]
[Round "6"]
[White "jfkingiii"]
[Black "LoseOften"]
[Result "0-1"]
[WhiteElo "1465"]
[BlackElo "1672"]
[Opening "Sicilian: Alapin's variation (2.c3)"]
[ECO "B22"]
[Time "15:30:53"]
[PlyCount "70"]
[TimeControl "2700+45"]

1. e4 c5 2. c3 Nf6 3. e5 Nd5 4. d4 e6 5. Nf3 Qc7 6. c4 Nb6 7. Nc3 a6 8. Be3 cxd4
9. Qxd4 Nxc4 10. Qxc4 Nc6 11. Be2 b5 12. Qf4 d5 13. exd6 Bxd6 14. Qg4 f5 15.
Qh5+ g6 16. Qh3 b4 17. Na4 e5 18. Nb6 Rb8 19. Nxc8 Rxc8 20. Rc1 O-O 21. Ng5 Qe7
22. Nf3 f4 23. Bc4+ Kg7 24. Bd2 e4 25. Ng1 Ne5 26. Bxa6 Rxc1+ 27. Bxc1 Qa7 28.
Be2 Qxa2 29. g3 f3 30. Bh6+ Kg8 31. Bxf8 Qb1+ 32. Kd2 Qxb2+ 33. Ke3 Qb3+ 34. Kf4
Nd3+ 35. Kg5 Qd5+ {White resigns} 0-1

[Event "Team 45 45 League T99"]
[Site "Internet Chess Club"]
[Date "2024.03.25"]
[Round "6"]
[White "jonesey"]
[Black "primerpaso"]
[Result "1-0"]
[WhiteElo "1845"]
[BlackElo "1809"]
[Opening "Sicilian defense"]
[ECO "B20"]
[Time "12:38:51"]
[PlyCount "45"]
[TimeControl "2700+45"]

1. e4 c5 2. c4 e5 3. Nc3 Nc6 4. g3 g6 5. Bg2 Bg7 6. d3 Nge7 7. Nge2 d6 8. O-O
O-O 9. Rb1 f5 10. f4 Be6 11. Nd5 fxe4 12. dxe4 Nd4 13. Nxd4 cxd4 14. fxe5 dxe5
15. Bg5 Rxf1+ 16. Qxf1 Bxd5 17. exd5 Qd6 18. b4 Rf8 19. Qc1 h6 20. c5 Qd7 21.
Bxh6 Nxd5 22. Qc4 Rd8 23. Bg5 {Black resigns} 1-0

[Event "Team 45 45 League T99"]
[Site "Internet Chess Club"]
[Date "2024.03.24"]
[Round "6"]
[White "Portola"]
[Black "Gojira"]
[Result "1/2-1/2"]
[WhiteElo "1598"]
[BlackElo "1639"]
[Opening "Queen's pawn game, Darooha variation "]
[ECO "D02"]
[Time "11:39:11"]
[PlyCount "117"]
[TimeControl "2700+45"]

1. d4 d5 2. Nf3 Nf6 3. c3 c6 4. Bg5 Ne4 5. Bh4 Qb6 6. Qb3 Bf5 7. Nbd2 h6 8. Nxe4
Bxe4 9. e3 Nd7 10. Be2 e6 11. O-O Bd6 12. Nd2 Bh7 13. Bf3 Qc7 14. Bg3 O-O 15.
Bxd6 Qxd6 16. e4 Qf4 17. Qc2 Nf6 18. Rfe1 Ng4 19. Bxg4 Qxg4 20. f3 Qg6 21. Qd1
Qg5 22. Qe2 Rfd8 23. Rad1 Qe7 24. Nb3 b6 25. exd5 cxd5 26. Nc1 Bb1 27. a3 Qd7
28. Nd3 Bxd3 29. Qxd3 Rac8 30. Re2 Qe7 31. Rde1 Qf6 32. g3 Rc7 33. Kg2 Re7 34.
f4 Rde8 35. Re5 Kf8 36. Qe3 Qg6 37. h3 Qf6 38. g4 Qg6 39. Qf2 Qf6 40. Kg3 Qg6
41. R1e3 f6 42. f5 exf5 43. Rxe7 Rxe7 44. Rxe7 Kxe7 45. Qxf5 Qxf5 46. gxf5 b5
47. b4 Kf7 48. Kg4 g6 49. Kf4 h5 50. fxg6+ Kxg6 51. h4 a6 52. Kg3 Kf7 53. Kf4
Ke6 54. Ke3 Kd6 55. Kf4 Ke6 56. Ke3 Kf5 57. Kf3 Ke6 58. Kf4 Ke7 59. Kf5 {Game
drawn by mutual agreement} 1/2-1/2

[Event "Team 45 45 League T99"]
[Site "Internet Chess Club"]
[Date "2024.03.24"]
[Round "6"]
[White "Rookmaster"]
[Black "ElValero"]
[Result "1-0"]
[WhiteElo "1518"]
[BlackElo "1613"]
[Opening "Sicilian defense"]
[ECO "B40"]
[Time "08:00:08"]
[PlyCount "35"]
[TimeControl "2700+45"]

1. e4 e6 2. Nf3 c5 3. Nc3 d5 4. exd5 exd5 5. Bb5+ Nc6 6. Qe2+ Be6 7. d4 Nf6 8.
Bg5 Bd6 9. dxc5 Bxc5 10. O-O-O d4 11. Ne4 Bb6 12. Rhe1 O-O 13. Nxf6+ gxf6 14.
Bh4 Bxa2 15. Qe4 Be6 16. Qf4 Qd5 17. Bxc6 bxc6 18. Qg3+ {Black resigns} 1-0

[Event "Team 45 45 League T99"]
[Site "Internet Chess Club"]
[Date "2024.03.27"]
[Round "6"]
[White "dalmata"]
[Black "vollmerj"]
[Result "1/2-1/2"]
[WhiteElo "1576"]
[BlackElo "1527"]
[Opening "Benoni: classical, 9...Re8"]
[ECO "A76"]
[Time "16:17:21"]
[PlyCount "34"]
[TimeControl "2700+45"]

1. d4 Nf6 2. c4 c5 3. d5 g6 4. Nc3 Bg7 5. Nf3 O-O 6. e4 d6 7. Be2 e6 8. O-O exd5
9. cxd5 Re8 10. Bg5 Qb6 11. Qc2 Nbd7 12. Bxf6 Bxf6 13. Rab1 Ne5 14. Nxe5 Bxe5
15. Rfe1 f5 16. Bf3 fxe4 17. Bxe4 Qc7 {Game drawn by mutual agreement} 1/2-1/2

[Event "Team 45 45 League T99"]
[Site "Internet Chess Club"]
[Date "2024.03.21"]
[Round "6"]
[White "isolani"]
[Black "fvafier"]
[Result "1/2-1/2"]
[WhiteElo "1471"]
[BlackElo "1444"]
[Opening "Giuoco Piano"]
[ECO "C50"]
[Time "16:00:37"]
[PlyCount "86"]
[TimeControl "2700+45"]

1. e4 e5 2. Nf3 Nc6 3. Bc4 Bc5 4. O-O d6 5. h3 Nf6 6. Re1 O-O 7. Nc3 a6 8. d3
Na5 9. Bb3 Nxb3 10. axb3 h6 11. d4 exd4 12. Nxd4 Re8 13. Bf4 Bd7 14. Qd3 b5 15.
f3 Bb6 16. Kh2 Bxd4 17. Qxd4 Be6 18. Rad1 Nh5 19. Be3 Qh4 20. Bf2 Qf4+ 21. Kg1
Qe5 22. Qxe5 dxe5 23. Ne2 Rad8 24. Be3 Nf6 25. b4 Bc4 26. Nc3 Be6 27. Bc5 Nd7
28. Be3 f5 29. exf5 Bxf5 30. Rd2 Nf6 31. Red1 Rxd2 32. Rxd2 e4 33. fxe4 Nxe4 34.
Nxe4 Bxe4 35. Bf2 Bg6 36. Rd7 Bxc2 37. Rxc7 Bf5 38. Ra7 Re6 39. Bd4 g5 40. Kf2
Bd3 41. Be3 Bf5 42. Bd4 Rc6 43. Bc5 Re6 {Game drawn by mutual agreement} 1/2-1/2

[Event "Team 45 45 League T99"]
[Site "Internet Chess Club"]
[Date "2024.03.26"]
[Round "6"]
[White "primerpaso"]
[Black "Alec-hine"]
[Result "1/2-1/2"]
[WhiteElo "1817"]
[BlackElo "1999"]
[Opening "English opening"]
[ECO "A13"]
[Time "14:01:01"]
[PlyCount "26"]
[TimeControl "2700+45"]

1. c4 e6 2. Nc3 d5 3. cxd5 exd5 4. d4 a6 5. g3 Nf6 6. Bg2 Be7 7. Nf3 O-O 8. O-O
Re8 9. a3 c6 10. Bf4 Nh5 11. Bd2 Nf6 12. Bf4 Nh5 13. Bd2 Nf6 {Game drawn by
mutual agreement} 1/2-1/2

[Event "Team 45 45 League T99"]
[Site "Internet Chess Club"]
[Date "2024.03.24"]
[Round "6"]
[White "timcent"]
[Black "fishhead"]
[Result "0-1"]
[WhiteElo "1919"]
[BlackElo "1928"]
[Opening "Nimzo-Indian: Sämisch variation"]
[ECO "E25"]
[Time "18:00:12"]
[PlyCount "102"]
[TimeControl "2700+45"]

1. d4 Nf6 2. c4 e6 3. Nc3 Bb4 4. f3 d5 5. a3 Bxc3+ 6. bxc3 c5 7. cxd5 exd5 8. e3
O-O 9. Bd3 Re8 10. Ne2 b6 11. O-O Nc6 12. Qe1 Bd7 13. Qh4 h6 14. g4 Na5 15. Rb1
Rc8 16. Kh1 Nc4 17. Bxc4 dxc4 18. Rg1 Bc6 19. Qg3 Ne4 20. Qg2 Qh4 21. Rf1 cxd4
22. cxd4 c3 23. Nf4 Nd6 24. d5 Ba4 25. Rb4 b5 26. Rd4 a5 27. Nd3 Nc4 28. g5 Qxg5
29. Rg4 Qf6 30. Rg1 g5 31. h4 Kf8 32. hxg5 hxg5 33. e4 Qh6+ 34. Qh2 Qxh2+ 35.
Kxh2 f6 36. f4 Nd2 37. fxg5 Nf3+ 38. Kg2 Nxg1 39. gxf6 Kf7 40. Kxg1 Bc2 41. e5
Rg8 42. Bg5 Bxd3 43. e6+ Kg6 44. f7 Kf5 45. Rg2 Bc4 46. fxg8=Q Rxg8 47. Bc1
Rxg2+ 48. Kxg2 Bxd5+ 49. Kf2 Ke4 50. Ke2 Bxe6 51. Bf4 Bg4+ {White resigns} 0-1

[Event "Team 45 45 League T99"]
[Site "Internet Chess Club"]
[Date "2024.03.20"]
[Round "6"]
[White "QuieroAprender"]
[Black "trombone"]
[Result "1/2-1/2"]
[WhiteElo "1695"]
[BlackElo "1819"]
[Opening "Queen's pawn game"]
[ECO "D02"]
[Time "14:00:39"]
[PlyCount "86"]
[TimeControl "2700+45"]

1. d4 d5 2. Nf3 e6 3. Bf4 Bd6 4. Bg3 Nf6 5. Nbd2 O-O 6. e3 c5 7. c3 Nc6 8. Bd3
b6 9. Ne5 Qc7 10. Nxc6 Qxc6 11. Bxd6 Qxd6 12. Nf3 Bb7 13. O-O Ne4 14. Qc2 h6 15.
Nd2 Nxd2 16. Qxd2 e5 17. Bf5 Ba6 18. Bd3 Bb7 19. Bf5 g6 20. Bd3 e4 21. dxc5 bxc5
22. Bxe4 Qe5 23. Bf3 Rad8 24. Rfd1 Qe7 25. Qe2 Rfe8 26. Qb5 Rb8 27. Qa4 d4 28.
Bxb7 Rxb7 29. cxd4 Rxb2 30. dxc5 Rc8 31. c6 Qf6 32. Qf4 Qxf4 33. exf4 Rxc6 34.
a4 Rcc2 35. Rf1 Ra2 36. Rxa2 Rxa2 37. g3 Rxa4 38. Rc1 h5 39. Kg2 a5 40. Rc6 Rb4
41. Ra6 a4 42. h4 Kg7 43. Kf3 Rc4 {Game drawn by mutual agreement} 1/2-1/2

[Event "Team 45 45 League T99"]
[Site "Internet Chess Club"]
[Date "2024.03.24"]
[Round "6"]
[White "DaveTheRook"]
[Black "Portola"]
[Result "0-1"]
[WhiteElo "1481"]
[BlackElo "1609"]
[Opening "QGD: Orthodox defense, Botvinnik variation"]
[ECO "D60"]
[Time "15:02:13"]
[PlyCount "90"]
[TimeControl "2700+45"]

1. d4 d5 2. c4 e6 3. Nc3 Nf6 4. Bg5 Be7 5. e3 Nbd7 6. Nf3 O-O 7. Bd3 b6 8. cxd5
exd5 9. O-O Bb7 10. Rc1 c6 11. Re1 Ne4 12. Bxe7 Qxe7 13. Qe2 a5 14. Nd2 Ndf6 15.
Ncxe4 dxe4 16. Bb1 Rfd8 17. Nf1 c5 18. Red1 Ba6 19. Qe1 c4 20. Nd2 Rac8 21. a3
b5 22. Nf1 b4 23. axb4 axb4 24. Ng3 Bb7 25. Ba2 Bd5 26. Bb1 g6 27. Ne2 Bb7 28.
Ba2 Ba6 29. Kh1 Nd5 30. Bb1 f5 31. Kg1 Rc7 32. Ba2 b3 33. Bb1 Nb4 34. Nc3 Nd5
35. Nxd5 Rxd5 36. Qc3 Bb7 37. Kf1 Rb5 38. Kg1 Bd5 39. Kf1 Rc6 40. Kg1 Qh4 41.
Qe1 Rf6 42. Qc3 Qg4 43. Qe1 f4 44. Qd2 f3 45. g3 Qh3 {White resigns} 0-1

[Event "Team 45 45 League T99"]
[Site "Internet Chess Club"]
[Date "2024.03.25"]
[Round "6"]
[White "bobhill"]
[Black "Lawkeito"]
[Result "0-1"]
[WhiteElo "1785"]
[BlackElo "1716"]
[Opening "Queen's bishop game"]
[ECO "D02"]
[Time "19:06:38"]
[PlyCount "102"]
[TimeControl "2700+45"]

1. d4 Nf6 2. Nf3 d5 3. Bf4 e6 4. e3 Nh5 5. Bg5 f6 6. Ne5 g6 7. g4 Ng7 8. Qf3 Be7
9. Bh6 O-O 10. Nd3 Nd7 11. Nf4 Nb6 12. Bd3 e5 13. Nxg6 e4 14. Nxe7+ Qxe7 15. Qg2
exd3 16. cxd3 Be6 17. Nd2 Na4 18. Rb1 c5 19. O-O cxd4 20. exd4 Qd7 21. h3 Nb6
22. Rfe1 Nc8 23. Rbc1 Ne7 24. f4 Nc6 25. Nb3 b6 26. f5 Bf7 27. a3 Rfe8 28. Rf1
Kh8 29. Kh1 Rg8 30. Qf2 Rac8 31. Rfe1 Ne7 32. Qh4 Qd6 33. Rxc8 Nxc8 34. Rc1 Ne7
35. Qf2 Rc8 36. Re1 Ng8 37. Bf4 Qd7 38. h4 h5 39. g5 Qxf5 40. gxf6 Ne6 41. Rxe6
Qxe6 42. Qg3 Qg4 43. Qf2 Qd1+ 44. Kh2 Nxf6 45. Kg3 Qxd3+ 46. Kg2 Qg6+ 47. Kf1
Ng4 48. Qe2 Qf5 49. Qd2 Rc2 50. Qb4 Qxf4+ 51. Ke1 Qf2+ {White resigns} 0-1

[Event "Team 45 45 League T99"]
[Site "Internet Chess Club"]
[Date "2024.03.22"]
[Round "6"]
[White "Megasus"]
[Black "fireball"]
[Result "1-0"]
[WhiteElo "1589"]
[BlackElo "1487"]
[Opening "Queen's pawn game, Darooha variation "]
[ECO "D02"]
[Time "13:01:35"]
[PlyCount "85"]
[TimeControl "2700+45"]

1. Nf3 Nf6 2. d4 d5 3. c3 e6 4. Nbd2 c5 5. e3 Nc6 6. Bb5 Bd7 7. a3 a6 8. Bd3 c4
9. Bc2 Bd6 10. h3 O-O 11. b3 cxb3 12. Nxb3 Rc8 13. Bb2 Na5 14. Nxa5 Qxa5 15. Qd2
Bb5 16. a4 Bc4 17. Ne5 Bxe5 18. dxe5 Nd7 19. Qd4 Nc5 20. Ra3 Rc6 21. f3 Rb6 22.
Ba1 Bb3 23. Kd2 Bxc2 24. Kxc2 Rc8 25. Rb1 Rxb1 26. Kxb1 b5 27. Qb4 Qxb4+ 28.
cxb4 Nxa4 29. Bd4 Rc4 30. Rb3 Kf8 31. g4 Ke7 32. g5 g6 33. h4 Kd7 34. f4 Kc6 35.
Ba1 a5 36. bxa5 Nc5 37. Ra3 b4 38. Ra2 b3 39. Ra3 Kb5 40. Bd4 Na6 41. Kb2 Ra4
42. Rxb3+ Kxa5 43. Bb6# {Black checkmated} 1-0

[Event "Team 45 45 League T99"]
[Site "Internet Chess Club"]
[Date "2024.03.22"]
[Round "6"]
[White "Signofthetimes"]
[Black "Portola"]
[Result "0-1"]
[WhiteElo "1534"]
[BlackElo "1596"]
[Opening "French defense"]
[ECO "C00"]
[Time "11:00:37"]
[PlyCount "56"]
[TimeControl "2700+45"]

1. e4 e6 2. Nf3 d5 3. e5 c5 4. Bb5+ Bd7 5. Bxd7+ Nxd7 6. O-O Qc7 7. Re1 Ne7 8.
c3 Nc6 9. d4 c4 10. Bg5 b5 11. b3 Nb6 12. Qd2 a5 13. Qc2 b4 14. a3 cxb3 15. Qxb3
a4 16. Qc2 b3 17. Qe2 Nc4 18. Nfd2 N6a5 19. Nxc4 Nxc4 20. Bc1 Rb8 21. Bb2 Be7
22. g3 h5 23. f4 h4 24. g4 h3 25. f5 Bg5 26. Rd1 Rh4 27. Nd2 Nxb2 28. Rf1 Qxc3
{White resigns} 0-1

[Event "Team 45 45 League T99"]
[Site "Internet Chess Club"]
[Date "2024.03.21"]
[Round "6"]
[White "Kingofknights"]
[Black "nosir"]
[Result "1-0"]
[WhiteElo "1489"]
[BlackElo "1427"]
[Opening "Old Indian defense"]
[ECO "A53"]
[Time "17:00:18"]
[PlyCount "61"]
[TimeControl "2700+45"]

1. d4 d6 2. c4 Nf6 3. Nc3 c6 4. e4 Qa5 5. Bd2 Qc7 6. f3 Nbd7 7. Nh3 e5 8. d5 Be7
9. Nf2 a6 10. Bd3 Nc5 11. Bc2 Bd7 12. b4 cxd5 13. Nxd5 Nxd5 14. cxd5 Nxe4 15.
Bxe4 O-O 16. Qc2 Qxc2 17. Bxc2 Rac8 18. Bd3 f5 19. Ke2 Rfe8 20. Rhc1 g6 21. Rxc8
Rxc8 22. Rc1 Kg7 23. Rxc8 Bxc8 24. a4 b6 25. b5 axb5 26. Bxb5 Bb7 27. Bc6 Bxc6
28. dxc6 Bd8 29. Nd3 Bc7 30. Nb4 Kf7 31. Nd5 {Black resigns} 1-0

[Event "Team 45 45 League T99"]
[Site "Internet Chess Club"]
[Date "2024.03.22"]
[Round "6"]
[White "herrahuu"]
[Black "tightfist"]
[Result "0-1"]
[WhiteElo "1417"]
[BlackElo "1492"]
[Opening "French: advance variation"]
[ECO "C02"]
[Time "09:05:05"]
[PlyCount "34"]
[TimeControl "2700+45"]

1. e4 e6 2. d4 d5 3. e5 c5 4. c3 Bd7 5. Be2 Nc6 6. Nf3 Qb6 7. O-O Nge7 8. Re1
Nf5 9. Bd3 cxd4 10. Bxf5 exf5 11. Ng5 g6 12. e6 fxe6 13. Nxe6 Bxe6 14. Rxe6+ Kf7
15. Qe1 Bg7 16. Bg5 Rae8 17. Rxe8 Rxe8 {White resigns} 0-1

[Event "Team 45 45 League T99"]
[Site "Internet Chess Club"]
[Date "2024.03.23"]
[Round "6"]
[White "ElValero"]
[Black "Gojira"]
[Result "1-0"]
[WhiteElo "1635"]
[BlackElo "1641"]
[Opening "QGD Slav: 3.Nf3"]
[ECO "D11"]
[Time "11:36:33"]
[PlyCount "101"]
[TimeControl "2700+45"]

1. d4 d5 2. Nf3 c6 3. c4 Nf6 4. Qc2 dxc4 5. Qxc4 Bf5 6. Nc3 e6 7. Nh4 Bg4 8. g3
Be7 9. Bg2 Nd5 10. Nf3 Nd7 11. O-O N7b6 12. Qb3 O-O 13. e4 Nxc3 14. bxc3 c5 15.
Be3 Bxf3 16. Bxf3 Qc7 17. a4 Nd7 18. a5 c4 19. Qb5 a6 20. Qa4 b5 21. axb6 Nxb6
22. Qa5 Rfc8 23. Bf4 Bd6 24. Bxd6 Qxd6 25. e5 Qd8 26. Bxa8 Rxa8 27. Rfb1 Nd5 28.
Qxd8+ Rxd8 29. Rxa6 Nxc3 30. Rba1 Ne2+ 31. Kf1 Nxd4 32. Ra8 Rf8 33. f4 c3 34.
Rxf8+ Kxf8 35. Ra8+ Ke7 36. Rc8 c2 37. Kf2 Kd7 38. Rc4 Ke7 39. Ke3 Nf5+ 40. Kd2
f6 41. Rxc2 fxe5 42. fxe5 Nd4 43. Rc7+ Kf8 44. Kd3 Nf3 45. Ke4 Nxh2 46. Rc2 Ng4
47. Kf4 Nh6 48. Rh2 Kf7 49. Kg5 Ke7 50. Rxh6 gxh6+ 51. Kxh6 {Black resigns} 1-0

[Event "Team 45 45 League T99"]
[Site "Internet Chess Club"]
[Date "2024.03.23"]
[Round "6"]
[White "Rookmaster"]
[Black "isolani"]
[Result "1-0"]
[WhiteElo "1496"]
[BlackElo "1455"]
[Opening "Sicilian defense"]
[ECO "B40"]
[Time "08:02:37"]
[PlyCount "117"]
[TimeControl "2700+45"]

1. e4 c5 2. Nf3 e6 3. Nc3 d6 4. d4 cxd4 5. Qxd4 Nd7 6. Nb5 Nb6 7. Bg5 f6 8. Bh4
Nh6 9. O-O-O Nf7 10. Nd2 Ne5 11. Nb1 a6 12. Nxd6+ Bxd6 13. Qxd6 Qxd6 14. Rxd6
Na4 15. Be2 Ke7 16. Rhd1 Nc5 17. R6d2 Nxe4 18. Rd4 Nc5 19. f4 Nc6 20. Rc4 Nd7
21. Bf2 Rd8 22. Bf3 Rb8 23. Re1 Kf7 24. g4 Na5 25. Rc7 b5 26. b4 Bb7 27. Bxb7
Rxb7 28. Rxb7 Nxb7 29. Nc3 Nb8 30. Ne4 Nc6 31. Nc5 Nxc5 32. Bxc5 Rd5 33. Rd1
Rxd1+ 34. Kxd1 e5 35. f5 g6 36. Kd2 gxf5 37. gxf5 Kg7 38. Kd3 Kh6 39. c4 e4+ 40.
Kxe4 bxc4 41. Kd5 Nb8 42. Ke6 c3 43. Bd4 c2 44. Be3+ Kg7 45. Kd5 Kf7 46. a4 Ke8
47. b5 axb5 48. axb5 Kd7 49. Bf4 h5 50. h4 Ke7 51. Kd4 Nd7 52. Kc3 c1=Q+ 53.
Bxc1 Kd6 54. Kd4 Nb6 55. Bf4+ Kd7 56. Bg3 Na4 57. Be1 Kd6 58. Ba5 Nb2 59. Bd8
{Black resigns} 1-0

[Event "Team 45 45 League T99"]
[Site "Internet Chess Club"]
[Date "2024.03.23"]
[Round "6"]
[White "burlap"]
[Black "BlueStorm"]
[Result "0-1"]
[WhiteElo "1463"]
[BlackElo "1672"]
[Opening "Benko's opening"]
[ECO "A00"]
[Time "20:01:08"]
[PlyCount "106"]
[TimeControl "2700+45"]

1. g3 d5 2. Bg2 Nf6 3. Nf3 h6 4. O-O Bf5 5. d3 e6 6. Re1 Be7 7. Nc3 c6 8. Bf4
Bd6 9. e4 dxe4 10. Bxd6 exf3 11. Qxf3 Qxd6 12. Qxf5 O-O 13. Qf3 Nbd7 14. Rad1 a5
15. Ne4 Qb4 16. b3 Rad8 17. c3 Qe7 18. c4 Nxe4 19. Qxe4 Nc5 20. Qe2 Rd4 21. Qe3
Rfd8 22. Bf1 R8d6 23. Rd2 Qd7 24. Red1 Ne4 25. Re2 Nc3 26. Ree1 Nxd1 27. Rxd1
Qe7 28. Qe5 b6 29. c5 bxc5 30. Qxc5 R4d5 31. Qe3 Qf6 32. Bg2 Rd4 33. Be4 Qg5 34.
f4 Qb5 35. Qe2 f5 36. Bf3 Rxd3 37. Rxd3 Qxd3 38. Qxd3 Rxd3 39. Bxc6 Rd1+ 40. Kg2
Rd2+ 41. Kg1 Rxa2 42. Bd7 Kf7 43. Ba4 Kf6 44. h4 e5 45. fxe5+ Kxe5 46. Bd7 Rb2
47. Ba4 g5 48. hxg5 hxg5 49. Kf1 f4 50. g4 f3 51. Bc6 Kf4 52. Bd5 Ke3 53. Be6
Rb1# {White checkmated} 0-1

[Event "Team 45 45 League T99"]
[Site "Internet Chess Club"]
[Date "2024.03.21"]
[Round "6"]
[White "trogers41"]
[Black "jjmolina1"]
[Result "1/2-1/2"]
[WhiteElo "1422"]
[BlackElo "1426"]
[Opening "Ruy Lopez: closed, Chigorin defense"]
[ECO "C97"]
[Time "10:00:27"]
[PlyCount "88"]
[TimeControl "2700+45"]

1. e4 e5 2. Nf3 Nc6 3. Bb5 a6 4. Ba4 Nf6 5. O-O Be7 6. Re1 b5 7. Bb3 O-O 8. c3
d6 9. h3 Na5 10. Bc2 c5 11. d4 Qc7 12. d5 Bb7 13. Nbd2 c4 14. Nf1 Bc8 15. Ng3 g6
16. Bh6 Re8 17. Qd2 Bf8 18. Nf5 Bxf5 19. exf5 Bxh6 20. Qxh6 Nb7 21. Ng5 Nd8 22.
fxg6 fxg6 23. Be4 Nf7 24. Nxf7 Qxf7 25. Qd2 Nxe4 26. Rxe4 Rac8 27. b4 Qc7 28.
Rd1 a5 29. a3 Qb6 30. Kh2 Rf8 31. f4 Rxf4 32. Rxf4 exf4 33. Qxf4 Rf8 34. Qe4
axb4 35. axb4 Qd8 36. Qe6+ Kg7 37. Re1 Rf7 38. Re2 Qb6 39. Kg3 Qc7 40. Kh2 Qb6
41. Kg3 Qc7 42. Kh2 Qb6 43. Kg3 Qc7 44. Kh2 Qb6 {Game drawn by repetition}
1/2-1/2

[Event "Team 45 45 League T99"]
[Site "Internet Chess Club"]
[Date "2024.03.25"]
[Round "6"]
[White "kabindra"]
[Black "vollmerj"]
[Result "0-1"]
[WhiteElo "1649"]
[BlackElo "1525"]
[Opening "Sicilian: closed"]
[ECO "B23"]
[Time "18:28:10"]
[PlyCount "76"]
[TimeControl "2700+45"]

1. e4 c5 2. Nc3 g6 3. Bc4 Bg7 4. Qf3 e6 5. d3 Nc6 6. Qg3 Nf6 7. e5 Nh5 8. Qe3
Bxe5 9. Nf3 Bd4 10. Qh6 Bg7 11. Qe3 Bd4 12. Qe2 Bg7 13. Bg5 Qb6 14. Nd5 Qxb2 15.
Nc7+ Kf8 16. O-O Rb8 17. Rab1 Qa3 18. Nb5 Qa5 19. Nd6 Nd4 20. Nxd4 Bxd4 21. Qf3
f6 22. g4 Ke7 23. Bf4 Nxf4 24. Qxf4 Be5 25. Qh6 Kxd6 26. Rfe1 b5 27. Bb3 Bb7 28.
g5 f5 29. Bxe6 dxe6 30. Rxe5 Kxe5 31. Qg7+ Kd6 32. d4 Qc3 33. Rd1 Bd5 34. Qe5+
Kd7 35. Qg7+ Kc6 36. Qxa7 Rb7 37. Qa6+ Rb6 38. Qa7 Qf3 {White resigns} 0-1

[Event "Team 45 45 League T99"]
[Site "Internet Chess Club"]
[Date "2024.03.23"]
[Round "6"]
[White "fireball"]
[Black "Gilguli"]
[Result "1/2-1/2"]
[WhiteElo "1492"]
[BlackElo "1422"]
[Opening "Ruy Lopez: old Steinitz defense"]
[ECO "C62"]
[Time "16:02:06"]
[PlyCount "135"]
[TimeControl "2700+45"]

1. e4 e5 2. Nf3 Nc6 3. Bb5 d6 4. Bxc6+ bxc6 5. O-O g6 6. Nc3 Bg7 7. d3 Ne7 8. b3
O-O 9. Be3 h6 10. h3 f5 11. Nh2 f4 12. Bd2 d5 13. exd5 cxd5 14. Rb1 Kh7 15. Re1
g5 16. Qf3 Nf5 17. Qxd5 Qxd5 18. Nxd5 Bb7 19. Nc3 Nd4 20. Rbc1 f3 21. g3 Bc8 22.
g4 Kg6 23. Nf1 h5 24. gxh5+ Kxh5 25. Ng3+ Kg6 26. Nce4 Bf6 27. Nxf6 Kxf6 28. c3
Ne6 29. Ne4+ Ke7 30. Nxg5 Rg8 31. h4 Kd6 32. Kh2 Nf4 33. Re3 Bb7 34. Nxf3 Rg2+
35. Kh1 Rh8 36. Re4 Bxe4 37. dxe4 Rxf2 38. Bxf4 Rxf3 39. Bg5 Rg3 40. Rg1 Rxc3
41. Kh2 Rf8 42. Rg2 Rff3 43. Rd2+ Rcd3 44. Rxd3+ Rxd3 45. h5 Ke6 46. h6 Kf7 47.
Bc1 Rd4 48. Kg2 Rxe4 49. Kf3 Rh4 50. b4 Kg6 51. a3 Rc4 52. Bb2 e4+ 53. Ke3 Kxh6
54. Bd4 a6 55. Kxe4 Kg6 56. Kd5 Rc1 57. Bc5 Kf5 58. Kc6 Ke5 59. a4 Rc4 60. a5
Rh4 61. Kxc7 Rh6 62. Kb7 Kd5 63. Bb6 Kc4 64. Kxa6 Kxb4 65. Kb7 Kb5 66. Bc7 Ra6
67. Bb6 Rxa5 68. Bxa5 {Game drawn because neither player has mating material}
1/2-1/2

[Event "Team 45 45 League T99"]
[Site "Internet Chess Club"]
[Date "2024.03.23"]
[Round "6"]
[White "Toalla"]
[Black "seattleblues"]
[Result "0-1"]
[WhiteElo "1094"]
[BlackElo "1347"]
[Opening "Queen's Pawn"]
[ECO "A41"]
[Time "10:04:57"]
[PlyCount "64"]
[TimeControl "2700+45"]

1. d4 d6 2. Bf4 Nf6 3. e3 g6 4. c3 Bg7 5. h3 O-O 6. Bd3 Re8 7. g4 c6 8. Nd2 b5
9. g5 Nh5 10. Bh2 e5 11. Be2 Qxg5 12. Bxh5 Qxh5 13. Qxh5 gxh5 14. O-O-O exd4 15.
exd4 Bf5 16. Bxd6 Nd7 17. Ndf3 Be4 18. Rh2 Bh6+ 19. Nd2 Bg6 20. f3 Nf6 21. Re2
Rxe2 22. Nxe2 Re8 23. Be5 Nd5 24. f4 Bf5 25. Rg1+ Kf8 26. Bd6+ Ne7 27. h4 Rd8
28. Be5 Ng6 29. Nf3 Bg4 30. Rg3 Nxe5 31. Nxe5 Bxe2 32. Nxc6 Bxf4+ {White
resigns} 0-1